 Dungeon Crawl Stone Soup version 0.30-a0-242-g7bf8e6d787 (webtiles) character file.

Game seed: 13682691149923998022

21 gzilladon the Sneak (level 2, 0/22 HPs)
             Began as a Naga Enchanter on Oct 11, 2022.
             Slain by a jackal (2 damage)
             ... on level 2 of the Dungeon.
             The game lasted 00:07:07 (1165 turns).

gzilladon the Sneak (Naga Enchanter)                Turns: 1165, Time: 00:07:07

Health: 0/22       AC:  1    Str: 10    XL:     2   Next: 87%
Magic:  5/5        EV:  9    Int: 15    God:
Gold:   50         SH:  0    Dex: 11    Spells: 3/5 levels left

rFire   . . .      SeeInvis +    a - +1 dagger
rCold   . . .      Faith    .    (no shield)
rNeg    . . .      Spirit   .    b - +0 robe
rPois   +          Reflect  .    (no helmet)
rElec   .          Harm     .    (no cloak)
rCorr   .          Rampage  .    (no gloves)
Will    .....                    (no barding)
Stlth   +++.......               m - amulet of regeneration
HPRegen 1.03/turn                (no ring)
MPRegen 0.09/turn                (no ring)

@: very slow
A: AC +0, large, see invisible, deformed body, poison resistance, slowness 2,
spit poison 1, naga tail 1
a: Spit Poison


You were on level 2 of the Dungeon.
You visited 1 branch of the dungeon, and saw 2 of its levels.

You collected 50 gold pieces.

Inventory:

Hand Weapons
 a - a +1 dagger (weapon)
Missiles
 e - 7 stones
Armour
 b - a +0 robe (worn)
Jewellery
 m - an amulet of regeneration (around neck)
Scrolls
 d - a scroll of enchant armour {unknown}
 h - 2 scrolls of identify {unknown}
 j - 2 scrolls of poison {unknown}
 k - a scroll of teleportation {unknown}
 l - a scroll of immolation {unknown}
Potions
 c - 2 potions of invisibility
 f - a potion of attraction {unknown}
 g - a potion of brilliance {unknown}
 i - a potion of curing {unknown}


   Skills:
 + Level 1.0 Short Blades
 + Level 1.6 Dodging
 * Level 5.3 Stealth
 + Level 2.2 Spellcasting
 * Level 3.2 Hexes


You had 3 spell levels left.
You knew the following spells:

 Your Spells              Type           Power      Damage    Failure   Level
a - Ensorcelled Hibernat  Hex/Ice        12%        N/A       17%         2

Your spell library contained the following spells:

 Spells                   Type           Power      Damage    Failure   Level
 Confusing Touch          Hex            11%        N/A       17%         3
 Tukima's Dance           Hex            11%        N/A       17%         3
 Summon Small Mammal      Summ           4%         N/A       22%         1
 Dazzling Flash           Conj/Hex       12%        N/A       32%         3
 Summon Guardian Golem    Hex/Summ       6%         N/A       32%         3
 Call Canine Familiar     Summ           1%         N/A       54%         3


Dungeon Overview and Level Annotations

Branches:
Dungeon (2/15)

Altars:

Shops:
D:2 [


Innate Abilities, Weirdness & Mutations

Your serpentine skin is tough. (AC +0)
You have supernaturally acute eyesight. (SInv)
Armour fits poorly on your strangely shaped body.
Your system is resistant to poisons. (rPois)
You cover ground very slowly.
You can spit poison.
You have a snake-like lower body.


Message History

You start putting on your amulet.
You continue putting on your amulet of regeneration. x5
You finish putting on your amulet of regeneration.
The amulet throbs as it attunes itself to your uninjured body.
m - an amulet of regeneration (around neck)
Found 13 gold pieces.
A goblin comes into view. It is wielding a +0 club.
You see here 13 gold pieces.
The helpless goblin fails to defend itself.
You impale the goblin!!
You kill the goblin!
You now have 41 gold pieces (gained 13).
You see here a +0 club.
Found 9 gold pieces and a +0 short sword.
Found a stone staircase leading down.
You now have 50 gold pieces (gained 9).
A rat comes into view.
A jackal comes into view.
The kobold shouts!
The jackal barks! x2
You hit the jackal but do no damage.
You hear a shout!
The jackal bites you. The rat bites you.
You closely miss the jackal. The jackal misses you. The rat bites you.
A goblin comes into view. It is wielding a +0 club.
The jackal bites you.
You hit the jackal but do no damage. The jackal bites you. x2
The kobold hits you with a +1 falchion of protection.
The rat bites you.
* * * LOW HITPOINT WARNING * * *
You hit the jackal.
The jackal is moderately wounded.
The jackal bites you.
* * * LOW HITPOINT WARNING * * *
The jackal barely misses you. The rat bites you.
* * * LOW HITPOINT WARNING * * *
The kobold misses you.
A kobold comes into view.
It is wielding a +3 short sword of speed.
You hit the jackal.
The jackal is almost dead.
The jackal bites you.
You die...

........# . ........# .
.......g##. ..........
.........#####.
.......h......#
......Krh.>.#..
####@h...... #.# ...
####....)###.K. ..#....
##....#...#### ..#....
#............. .......
######.####.... ......
#.###..#####?...#
###.....## #..#..#..
#######..)....## #<.......
#....#..#####...###....##.#


You could see 3 jackals, a goblin, 2 kobolds and a rat.

Vanquished Creatures
  A dart slug (D:1)
  A ball python (D:2)
  3 bats (D:1)
  3 goblins
  4 hobgoblins
  A kobold (D:2)
  2 quokkas (D:2)
15 creatures vanquished.

Vanquished Creatures (others)
  3 plants (D:1)
  4 toadstools (D:1)
7 creatures vanquished.

Grand Total: 22 creatures vanquished

Notes
Turn   | Place    | Note
-------+----------+-------------------------------------------
     0 | D:1      | gzilladon the Naga Enchanter began the quest for the Orb.
     0 | D:1      | Reached XP level 1. HP: 15/15 MP: 3/3
   332 | D:1      | Reached XP level 2. HP: 22/22 MP: 5/5
   347 | D:1      | Reached skill level 5 in Stealth
   354 | D:1      | Learned a level 2 spell: Ensorcelled Hibernation
   884 | D:2      | Found Askopne's Armour Emporium.
  1164 | D:2      | HP: 1/22 [rat (3)]
  1165 | D:2      | Slain by a jackal

Illustrated notes

Levels and vault maps discovered:
D:1:      ldierk_walled_garden_2, layout_basic, serial_forest,
          infiniplex_forest_lined_3_way, infiniplex_forest_lined_ring,
          infiniplex_forest_end_2, infiniplex_forest_lined_ring,
          infiniplex_forest_clump_medium, infiniplex_forest_pool,
          infiniplex_forest_straight_3, chequers_serial_rivers_micro_b
D:2:      layout_rooms, serial_shops, shop, grunt_decor_junction

Skill      XL: |  1  2 |
---------------+-------+-----
Stealth        | 5 |  5.3
Short Blades   | |  1.0
Dodging        | |  1.6
Spellcasting   | |  2.2
Hexes          | |  3.2

Action                   || total
-------------------------++-------
Melee: Dagger            ||    58
 Cast: Ensorcelled Hiber ||     6
 Stab: Sleeping          ||     7
Armor: Robe              ||    17
Dodge: Dodged            ||    35

Table legend: (Time is in decaauts)
 A = Elapsed time spent in this place.
 B = Non-inter-level travel time spent in this place.
 C = Inter-level travel time spent in this place.
 D = Time resting spent in this place.
 E = Time spent auto-exploring this place.
 F = Levels seen in this place.
 G = Mean time per level.
                   A        B        C        D        E       F      G
               +--------+--------+--------+--------+--------+-----+--------+
         Total |   1513 |   1329 |    184 |    197 |      0 |   2 |  756.5 |
       Dungeon |   1513 |   1329 |    184 |    197 |      0 |   2 |  756.5 |
               +--------+--------+--------+--------+--------+-----+--------+

Top non-repeatable levels by time:
     D:1: 1171 daAuts
     D:2: 341 daAuts
